 Dungeon Crawl Stone Soup version 0.24-a0-350-g5b3daab8ba (webtiles) character file.

Game seed: 6078445904964288200

7462 Lanoc the Carver (level 10, 0/93 HPs)
             Began as a Minotaur Berserker on May 23, 2019.
             Was a High Priest of Trog.
             Killed from afar by a gargoyle (35 damage)
             ... with a stone arrow
             ... on level 10 of the Dungeon.
             The game lasted 00:19:13 (6966 turns).

Lanoc the Carver (Minotaur Berserker)               Turns: 6966, Time: 00:19:14

Health: 0/93       AC: 17    Str: 21    XL:     10   Next: 94%
Magic:  0/0        EV: 11    Int:  4    God:    Trog [*****.]
Gold:   356        SH:  0    Dex: 14    Spells: 9/9 levels left

rFire    . . .     SeeInvis .   z - +6 whip "Tuyss" {slash, +Fly rPois rC+++ MP-9}
rCold    + + +     Gourm    .   (no shield)
rNeg     . . .     Faith    .   y - +0 plate armour
rPois    +         Spirit   .   (helmet restricted)
rElec    .         Reflect  .   m - +2 cloak
rCorr    .         Harm     .   (no gloves)
MR       ++...                  (no boots)
Stlth    ..........             (no amulet)
HPRegen  1.25/turn              (no ring)
MPRegen  0.07/turn              (no ring)

@: berserk cooldown, regenerating, slowed, very slow
A: retaliatory headbutt, horns 2
a: Berserk, Trog's Hand, Brothers in Arms, Renounce Religion, Evoke Flight


You were on level 10 of the Dungeon.
You worshipped Trog.
Trog was extremely pleased with you.
You were hungry.

You visited 2 branches of the dungeon, and saw 11 of its levels.

You collected 356 gold pieces.

Inventory:

Hand Weapons
 z - the +6 whip "Tuyss" (weapon) {slash, +Fly rPois rC+++ MP-9}
   (You found it on level 8 of the Dungeon)

   It inflicts extra damage upon your enemies.
   It renders you almost immune to cold.
   It protects you from poison.
   It affects your magic capacity (-9).
   It lets you fly.
 B - a +1 long sword of holy wrath
Missiles
 p - 2 silver boomerangs (quivered)
Armour
 m - a +2 cloak (worn)
 s - a scarf of cloud immunity
 y - a +0 plate armour (worn)
Wands
 b - a wand of polymorph (4)
 l - a wand of iceblast (21)
 q - a wand of flame (28)
 u - a wand of acid (8)
Scrolls
 d - 4 scrolls of remove curse {unknown}
 e - 3 scrolls of teleportation {unknown}
 j - 2 scrolls of blinking {unknown}
 o - a scroll of magic mapping
Potions
 a - a potion of magic
 f - 2 potions of might
 i - 2 potions of curing
 k - 2 potions of heal wounds
 n - a potion of agility
 t - a potion of lignification
 w - a potion of haste
 A - 3 potions of flight
Comestibles
 c - 11 rations
 x - 5 chunks of flesh


   Skills:
 + Level 9.8 Fighting
 * Level 12.8 Long Blades
 + Level 9.3 Armour
 + Level 8.6 Dodging


You had 9 spell levels left.
You didn't know any spells.
Your spell library was empty.

Dungeon Overview and Level Annotations

Branches:
Dungeon (10/15)            Temple (1/1) D:4            Lair (0/6) D:10
    Orc: D:9-12

Altars:
Fedhas
Sif Muna
Wu Jian
Zin


Innate Abilities, Weirdness & Mutations

You reflexively headbutt those who attack you in melee.
You have a pair of horns on your head.


Message History

Trog accepts your kill.
The centaur shoots an arrow.
The arrow hits you but does no damage.
You hear a croak.
You hear a howl!
The gargoyle closely misses you. You furiously retaliate!
You headbutt the gargoyle! The crimson imp barely misses you.
The centaur unwields a +0 shortbow.
The centaur hits you but does no damage.
You hit the centaur.
The centaur is lightly wounded.
You are no longer berserk.
You are exhausted.
You feel yourself slow down.
The electric eel shoots out a bolt of lightning at you!
The bolt of electricity hits the gargoyle.
The gargoyle resists.
The bolt of electricity hits you! x2
The crimson imp hits you.
The gargoyle hurls a stone arrow at you.
The stone arrow hits you!!
You die...

≈≈c≈≈≈≈≈≈≈.........
≈≈≈.9≈≈≈≈.≈.##..###.
...≈≈.≈;≈≈.....y...y
.≈.≈....;...######..
...≈..[.....#
........(...#
.####.(#####
#.#####9.####.
#....(@5.......
#...####c.####..
.<... ...# ####
...... .......
.........#
.........# .......


You could see a gargoyle, a centaur, 2 electric eels and a crimson imp.

Vanquished Creatures
  A two-headed ogre (D:8)
  2 deep elf magi
  2 trolls (D:9)
  2 hippogriffs
  A wyvern (D:9)
  A vampire (D:8)
  Duvessa (D:4)
  A phantom (D:5)
  3 sky beasts
  2 ice beasts
  4 orc warriors
  A necrophage (D:9)
  3 ogres
  2 black bears
  4 centaurs
  A big kobold (D:9)
  6 bullfrogs
  Dowan (D:4)
  A wyvern zombie (D:8)
  7 scorpions
  9 killer bees
  5 wights (D:7)
  3 crimson imps
  A centaur zombie (D:9)
  A bullfrog zombie (D:6)
  4 jellies
  7 hounds
  6 orc priests
  A bullfrog skeleton (D:7)
  2 iguanas
  A centaur skeleton (D:7)
  Natasha (twice) (D:4)
  5 orc wizards
  10 worker ants
  A hound zombie (D:10)
  3 gnolls (D:9)
  A howler monkey skeleton (D:6)
  11 adders
  4 shadow imps
  An ooze (D:4)
  An adder skeleton (D:8)
  3 worms
  3 dart slugs
  3 leopard geckos
  31 orcs
  5 giant cockroaches
  4 goblins
  3 hobgoblins
  16 jackals
  2 quokkas
  2 ball pythons
  2 bats (D:3)
  A frilled lizard (D:1)
  8 kobolds
  2 quokka skeletons
  A quokka zombie (D:9)
  3 rats
214 creatures vanquished.

Vanquished Creatures (others)
  A bush (D:5)
1 creature vanquished.

Grand Total: 215 creatures vanquished

Notes
Turn   | Place    | Note
-------+----------+-------------------------------------------
     0 | D:1      | Lanoc the Minotaur Berserker began the quest for the Orb.
     0 | D:1      | Reached XP level 1. HP: 19/19 MP: 0/0
   321 | D:2      | Reached skill level 4 in Long Blades
   321 | D:2      | Reached XP level 2. HP: 23/27 MP: 1/1
   382 | D:3      | Reached XP level 3. HP: 16/33 MP: 2/2
   390 | D:3      | Reached ** piety under Trog
   390 | D:3      | Reached XP level 4. HP: 31/40 MP: 3/3
   402 | D:3      | HP: 2/40 [orc/boomerang (6)]
   407 | D:3      | Reached skill level 5 in Long Blades
  1110 | D:3      | Found a faded altar of an unknown god.
  1299 | D:4      | Noticed Dowan
  1301 | D:4      | Noticed Duvessa
  1309 | D:4      | Killed Duvessa
  1309 | D:4      | Reached XP level 5. HP: 47/47 MP: 4/4
  1311 | D:4      | Killed Dowan
  1311 | D:4      | Reached skill level 6 in Long Blades
  1311 | D:4      | Reached XP level 6. HP: 55/55 MP: 5/5
  1612 | D:4      | Reached skill level 5 in Fighting
  1926 | D:4      | Found a staircase to the Ecumenical Temple.
  1935 | D:4      | Noticed Natasha
  1939 | D:4      | Killed Natasha
  1949 | Temple   | Entered the Ecumenical Temple
  2011 | D:4      | Noticed Natasha
  2020 | D:4      | Killed Natasha
  2216 | D:5      | Entered Level 5 of the Dungeon
  2256 | D:5      | Reached XP level 7. HP: 61/61 MP: 6/6
  2292 | D:5      | Reached skill level 7 in Long Blades
  2532 | D:5      | Reached skill level 5 in Armour
  3186 | D:5      | Noticed a hippogriff
  3196 | D:5      | Killed a hippogriff
  3196 | D:5      | Reached skill level 5 in Dodging
  3196 | D:5      | Reached XP level 8. HP: 32/70 MP: 7/7
  3471 | D:6      | Reached skill level 8 in Long Blades
  3491 | D:5      | Reached *** piety under Trog
  3623 | D:6      | Reached skill level 9 in Long Blades
  3911 | D:6      | Reached XP level 9. HP: 69/79 MP: 8/8
  4095 | D:6      | Got a colourful robe
  4106 | D:6      | Identified the +1 robe "Xoxokoff" {Str+3 SInv} (You found
                  | it on level 6 of the Dungeon)
  4361 | D:6      | Noticed a deep elf mage
  4372 | D:6      | Killed a deep elf mage
  4372 | D:6      | Reached skill level 10 in Long Blades
  4714 | D:7      | Reached **** piety under Trog
  4868 | D:8      | Noticed a two-headed ogre
  4876 | D:8      | Killed a two-headed ogre
  4876 | D:8      | Reached skill level 11 in Long Blades
  4876 | D:8      | Reached XP level 10. HP: 90/90 MP: 9/9
  5308 | D:8      | Noticed a deep elf mage
  5315 | D:8      | Killed a deep elf mage
  5420 | D:8      | Reached skill level 12 in Long Blades
  5712 | D:8      | Reached ***** piety under Trog
  5920 | D:8      | Got a bloodstained whip
  5921 | D:8      | Identified the +6 whip "Tuyss" {slash, +Fly rPois rC+++
                  | MP-9} (You found it on level 8 of the Dungeon)
  6585 | D:9      | Received a gift from Trog
  6939 | D:10     | Entered Level 10 of the Dungeon
  6940 | D:10     | Found a staircase to the Lair.
  6945 | D:10     | Noticed a gargoyle
  6966 | D:10     | Killed from afar by a gargoyle

Levels and vault maps discovered:
D:1:      dpeg_arrival_tiny_a, layout_basic, st_stairs_14
D:2:      layout_basic, marbit_many_paths, lemuel_crystal_altar,
          nicolae_overflow_quartered_altars, serial_curves, eino_curves_04,
          eino_curves_04, eino_curves_01
D:3:      layout_loops_cross, chequers_ecumenical_altar_simple_redux,
          first_ration
D:4:      layout_rooms, minmay_temple_entry_junction_2, uniq_duvessa,
          uniq_natasha
D:5:      layout_loops_cross, kb_lookout_dungeons_type
D:6:      layout_rooms, guppyfry_early_elven_hall
D:7:      layout_cave_pools
D:8:      minmay_bloctagon, layout_basic
D:9:      layout_basic
D:10:     layout_rooms, erik_lair_island, lemuel_oklob_altar
Temple:   eino_temple_rhombus

Skill      XL: |  1  2  3  4  5  6  7  8  9 10 |
---------------+-------------------------------+-----
Long Blades    | 4 5 6 7 9 11 12 | 12.8
Fighting       | 4 5 6 7 8 9 |  9.8
Armour         | 3 4 5 6 8 9 |  9.3
Dodging        | 3 4 5 6 7 8 |  8.6

Action                   |  1- 3 |  4- 6 |  7- 9 | 10-12 || total
-------------------------+-------+-------+-------+-------++-------
Melee: Falchion          |    36 |    78 |   151 |   134 ||   399
       Headbutt          |     9 |    20 |    45 |    66 ||   140
       Whip              |       |       |       |    96 ||    96
Invok: Berserk           |     2 |     4 |    10 |     4 ||    20
       Trog's Hand       |       |     1 |     1 |     1 ||     3
  Use: Potion            |       |     1 |       |     1 ||     2
       Scroll            |       |       |       |    11 ||    11
 Stab: Sleeping          |       |     1 |     1 |     1 ||     3
  Eat: Chunk             |       |     8 |     9 |    11 ||    28
       Ration            |       |       |     3 |       ||     3
Armor: Animal skin       |     1 |     5 |    42 |       ||    48
       Robe              |       |       |    10 |    13 ||    23
       Plate armour      |       |       |       |   111 ||   111
Dodge: Dodged            |     9 |    68 |   135 |   158 ||   370
       Rpst.: Falchion   |     3 |    18 |    46 |    24 ||    91

Table legend:
 A = Non-vault XP
 B = Vault XP
 C = Vault XP percentage of total XP
 D = Non-vault monster count
 E = Vault monster count
 F = Vault count percentage of total count
                 A         B        C        D         E       F
            +---------+---------+-------+---------+---------+-------
      Total |    8241 |    2420 |  22.7 |     195 |      19 |   8.9
            +---------+---------+-------+---------+---------+-------
        D:1 |       4 |       2 |  33.3 |       3 |       1 |  25.0
        D:2 |      10 |       0 |   0.0 |       3 |       0 |   0.0
        D:3 |     172 |       0 |   0.0 |      36 |       0 |   0.0
        D:4 |     188 |     271 |  59.0 |      11 |       3 |  21.4
        D:5 |     926 |     115 |  11.0 |      14 |       1 |   6.7
        D:6 |    1162 |     572 |  33.0 |      31 |       1 |   3.1
        D:7 |    1301 |       0 |   0.0 |      26 |       0 |   0.0
        D:8 |    2499 |    1460 |  36.9 |      42 |      13 |  23.6
        D:9 |    1758 |       0 |   0.0 |      24 |       0 |   0.0
       D:10 |     221 |       0 |   0.0 |       5 |       0 |   0.0
            +---------+---------+-------+---------+---------+-------
